 Dungeon Crawl Stone Soup version 0.22-a0-833-g8522bf8125 (webtiles) character file.

618012 Brozuf the Conqueror (level 26, -6/266 HPs)
             Began as a Minotaur Fighter on July 25, 2018.
             Was the Champion of Makhleb.
             Mangled by a white draconian monk (27 damage)
             ... on level 5 of the Realm of Zot.
             The game lasted 04:19:13 (68193 turns).

Brozuf the Conqueror (Minotaur Fighter)            Turns: 68193, Time: 04:19:14

Health: -6/266     AC: 43    Str: 34    XL:     26   Next: 95%
Magic:  30/30      EV: 25    Int:  5    God:    Makhleb [******]
Gold:   7219       SH: 33    Dex: 19    Spells: 25/25 levels left

rFire    + + .     SeeInvis +   a - +9 broad axe (chop)
rCold    + . .     Gourm    .   z - +2 large shield {rN+}
rNeg     + . .     Faith    .   k - +11 plate armour "Keoxekla" {Str+3}
rPois    .         Spirit   .   m - +0 mask of the Dragon {MR+ Slay+3 SInv}
rElec    +         Reflect  +   s - scarf {rC+ rF+}
rCorr    +         Harm     .   A - +0 pair of gloves of the Turtledove {rCorr}
MR       +++..                  Y - +1 pair of boots {run}
Stlth    ..........             O - amulet "Vuyjoaci" {Reflect rElec rF+ Str+4 Int-2 SH+3}
HPRegen  0.54/turn              b - ring "Boutorgh" {MR+ EV+2 Dex+5 Slay+4 Stlth-}
MPRegen  0.22/turn              N - +5 ring of protection

@: quick
A: retaliatory headbutt, horns 2, low mp 1
}: 3/15 runes: barnacled, silver, gossamer
a: Minor Destruction, Lesser Servant of Makhleb, Major Destruction, Greater
Servant of Makhleb, Renounce Religion


You were on level 5 of the Realm of Zot.
You worshipped Makhleb.
Makhleb was exalted by your worship.
You were not hungry.

You visited 10 branches of the dungeon, and saw 50 of its levels.
You also visited: Labyrinth, Trove, Sewer and Wizlab.

You collected 8900 gold pieces.
You spent 1681 gold pieces at shops.

Inventory:

Hand Weapons
 a - a +9 broad axe of chopping (weapon)
Missiles
 G - 6 throwing nets (quivered)
Armour
 k - the +11 plate armour "Keoxekla" (worn) {Str+3}
   (You found it on level 6 of the Lair of Beasts)

   It affects your strength (+3).
 m - the +0 mask of the Dragon (worn) {MR+ Slay+3 SInv}
   (You found it in a treasure trove)

   It affects your accuracy and damage with ranged weapons and melee attacks
   (+3).
   It affects your resistance to hostile enchantments.
   It lets you see invisible.
 s - a scarf of resistance (worn)
 z - a +2 large shield of positive energy (worn)
 A - the +0 pair of gloves of the Turtledove (worn) {rCorr}
   (You found it in a treasure trove)

   It provides partial protection from all sources of acid and corrosion.
 Y - a +1 pair of boots of running (worn)
Jewellery
 b - the ring "Boutorgh" (left hand) {MR+ EV+2 Dex+5 Slay+4 Stlth-}
   (You took it off a deep elf elementalist on level 3 of the Elven Halls)

   [ring of evasion]

   It affects your evasion (+2).
   It affects your dexterity (+5).
   It affects your accuracy and damage with ranged weapons and melee attacks
   (+4).
   It affects your resistance to hostile enchantments.
   It makes you less stealthy.
 c - the amulet "Tocimp" {Faith *Contam rC++ Int+5}
   (You found it on level 4 of the Depths)

   [amulet of faith]

   It allows you to gain divine favour quickly.
   It affects your intelligence (+5).
   It greatly protects you from cold.
   It causes magical contamination when unequipped.
 o - a cursed amulet of inaccuracy {unknown}
 p - an uncursed ring of poison resistance
 v - an uncursed ring of protection from fire
 N - a +5 ring of protection (right hand)
 O - the amulet "Vuyjoaci" (around neck) {Reflect rElec rF+ Str+4 Int-2 SH+3}
   (You bought it in a shop on level 1 of the Depths)

   [amulet of reflection]

   It shields you and reflects attacks.
   It affects your strength (+4).
   It affects your intelligence (-2).
   It protects you from fire.
   It insulates you from electricity.
   It affects your SH (+3).
 Q - an uncursed ring of protection from cold
Wands
 t - a wand of paralysis (60)
 E - a wand of iceblast (39)
 L - a wand of clouds (5)
 X - a wand of digging (39)
 Z - a wand of acid (27)
Scrolls
 g - 13 scrolls of fog
 h - 19 scrolls of teleportation
 i - 25 scrolls of remove curse
 u - 5 scrolls of identify
 w - 2 scrolls of enchant armour
 x - 7 scrolls of vulnerability
 y - a scroll of summoning {unknown}
 H - 2 scrolls of blinking
 I - 6 scrolls of magic mapping
 K - 6 scrolls of immolation
 R - 2 scrolls of silence
 U - 6 scrolls of fear
Potions
 d - 15 potions of might
 e - 2 potions of haste
 j - 10 potions of flight
 l - 4 potions of agility
 n - 4 potions of resistance
 q - 4 potions of curing
 B - 4 potions of cancellation
 D - 6 potions of ambrosia
 J - 5 potions of invisibility
 M - 3 potions of berserk rage
 V - 7 potions of heal wounds
 W - 4 potions of magic
Miscellaneous
 S - a fan of gales
 T - 2 phantom mirrors
Comestibles
 f - 79 rations
 r - 4 chunks of flesh


   Skills:
 O Level 27 Fighting
 - Level 18.0 Axes
 O Level 27 Armour
 + Level 18.1 Dodging
 + Level 24.1 Shields
 - Level 16.0 Invocations


You had 25 spell levels left.
You didn't know any spells.
Your spell library contained the following spells:

 Spells                   Type           Power        Failure   Level  Hunger
 Cause Fear               Hex            #.........   100%        4    #####..
 Magic Dart               Conj           #...         83%         1    ##.....
 Apportation              Tloc           #.....       83%         1    ##.....
 Conjure Flame            Conj/Fire      #.......     99%         3    ####...
 Bolt of Fire             Conj/Fire      #.........   100%        6    #######
 Bolt of Cold             Conj/Ice       #.........   100%        6    #######
 Lightning Bolt           Conj/Air       #.........   100%        5    ######.
 Bolt of Magma            Conj/Fire/Erth #.........   100%        5    ######.
 Slow                     Hex            #.......     92%         2    ###....
 Confuse                  Hex            #.......     99%         3    ####...
 Invisibility             Hex            #.......     100%        6    #######
 Throw Flame              Conj/Fire      #.....       92%         2    ###....
 Throw Frost              Conj/Ice       #.....       92%         2    ###....
 Controlled Blink         Tloc           N/A          100%        8    #######
 Freezing Cloud           Conj/Ice/Air   #.........   100%        6    #######
 Mephitic Cloud           Conj/Pois/Air  #.......     99%         3    ####...
 Ring of Flames           Chrm/Fire      #.........   100%        7    #######
 Venom Bolt               Conj/Pois      #.........   100%        5    ######.
 Olgreb's Toxic Radiance  Pois           #.......     100%        4    #####..
 Teleport Other           Tloc           #.......     99%         3    ####...
 Death's Door             Chrm/Necr      #.........   100%        8    #######
 Summon Small Mammal      Summ           #...         83%         1    ##.....
 Bolt of Draining         Conj/Necr      #.........   100%        5    ######.
 Lehudib's Crystal Spear  Conj/Erth      #.........   100%        8    #######
 Fire Storm               Conj/Fire      #.........   100%        9    #######
 Blink                    Tloc           N/A          92%         2    ###....
 Iskenderun's Mystic Bla  Conj           #.......     100%        4    #####..
 Summon Horrible Things   Summ           #.........   100%        8    #######
 Animate Dead             Necr           N/A          100%        4    #####..
 Pain                     Necr           #...         83%         1    ##.....
 Animate Skeleton         Necr           N/A          83%         1    ##.....
 Vampiric Draining        Necr           #.........   99%         3    ####...
 Haunt                    Necr/Summ      #.........   100%        7    #######
 Borgnjor's Revivificati  Necr           #.........   100%        8    #######
 Summon Ice Beast         Ice/Summ       #.......     100%        4    #####..
 Call Imp                 Summ           #.......     92%         2    ###....
 Dispel Undead            Necr           #.......     100%        5    ######.
 Poison Arrow             Conj/Pois      #.........   100%        6    #######
 Regeneration             Chrm/Necr      #.........   99%         3    ####...
 Sting                    Conj/Pois      #...         83%         1    ##.....
 Sublimation of Blood     Necr           #.........   92%         2    ###....
 Tukima's Dance           Hex            #.......     99%         3    ####...
 Summon Greater Demon     Summ           #.........   100%        7    #######
 Corpse Rot               Necr           N/A          92%         2    ###....
 Iron Shot                Conj/Erth      #.........   100%        6    #######
 Stone Arrow              Conj/Erth      #.....       99%         3    ####...
 Shock                    Conj/Air       #...         83%         1    ##.....
 Swiftness                Chrm/Air       #.......     92%         2    ###....
 Agony                    Necr           #.......     100%        5    ######.
 Statue Form              Tmut/Erth      #........    100%        6    #######
 Dragon Form              Tmut           #.........   100%        7    #######
 Necromutation            Tmut/Necr      #.........   100%        8    #######
 Death Channel            Necr           #.........   100%        6    #######
 Deflect Missiles         Chrm/Air       #.........   100%        6    #######
 Throw Icicle             Conj/Ice       #.......     100%        4    #####..
 Glaciate                 Conj/Ice       #.........   100%        9    #######
 Airstrike                Air            #.........   100%        4    #####..
 Confusing Touch          Hex            #.....       83%         1    ##.....
 Flame Tongue             Conj/Fire      #....        83%         1    ##.....
 Passwall                 Tmut/Erth      #.......     92%         2    ###....
 Call Canine Familiar     Summ           #.......     99%         3    ####...
 Ensorcelled Hibernation  Hex/Ice        #.....       92%         2    ###....
 Metabolic Englaciation   Hex/Ice        #.........   100%        5    ######.
 Summon Butterflies       Summ           #.......     83%         1    ##.....
 Silence                  Hex/Air        #.........   100%        5    ######.
 Shatter                  Erth           #.........   100%        9    #######
 Dispersal                Tloc           #.........   100%        6    #######
 Static Discharge         Conj/Air       #.......     99%         3    ####...
 Corona                   Hex            #......      83%         1    ##.....
 Alistair's Intoxication  Tmut/Pois      #.......     100%        5    ######.
 Lee's Rapid Deconstruct  Erth           #.........   100%        5    ######.
 Sandblast                Erth           #.....       83%         1    ##.....
 Conjure Ball Lightning   Conj/Air       #.........   100%        6    #######
 Chain Lightning          Conj/Air       #.........   100%        8    #######
 Excruciating Wounds      Chrm/Necr      #.........   100%        5    ######.
 Portal Projectile        Hex/Tloc       #.....       99%         3    ####...
 Monstrous Menagerie      Summ           #.........   100%        7    #######
 Petrify                  Tmut/Erth      #.......     100%        4    #####..
 Passage of Golubria      Tloc           N/A          100%        4    #####..
 Malign Gateway           Summ/Tloc      #.........   100%        7    #######
 Tornado                  Air            #.........   100%        9    #######
 Leda's Liquefaction      Hex/Erth       #.........   100%        4    #####..
 Summon Hydra             Summ           #.........   100%        7    #######
 Darkness                 Hex            #.........   100%        6    #######
 Shroud of Golubria       Chrm/Tloc      #.........   92%         2    ###....
 Inner Flame              Hex/Fire       #.......     99%         3    ####...
 Aura of Abjuration       Summ           #.........   100%        5    ######.
 Disjunction              Tloc           #.........   100%        8    #######
 Iskenderun's Battlesphe  Conj/Chrm      #.......     100%        5    ######.
 Dazzling Spray           Conj/Hex       #.....       99%         3    ####...
 Force Lance              Conj/Tloc      #.......     100%        4    #####..
 Searing Ray              Conj           #.....       92%         2    ###....
 Summon Forest            Summ/Tloc      #.........   100%        5    ######.
 Summon Lightning Spire   Summ/Air       #.......     100%        4    #####..
 Summon Guardian Golem    Hex/Summ       #.......     99%         3    ####...
 Dragon's Call            Summ           #.........   100%        9    #######
 Summon Mana Viper        Hex/Summ       #.......     100%        5    ######.
 Hydra Form               Tmut           #.........   100%        6    #######
 Irradiate                Conj/Tmut      #.........   100%        5    ######.
 Gell's Gravitas          Tloc           #.........   99%         3    ####...
 Yara's Violent Unravell  Hex/Tmut       #.........   100%        5    ######.
 Infestation              Necr           #.........   100%        8    #######
 Lesser Beckoning         Tloc           #.........   99%         3    ####...
 Poisonous Vapours        Pois/Air       #.....       92%         2    ###....


Dungeon Overview and Level Annotations

Branches:
Dungeon (15/15)            Temple (1/1) D:4            Lair (6/6) D:11
 Shoals (4/4) Lair:3       Spider (4/4) Lair:3        Slime (0/5) Lair:5
    Orc (2/2) D:9             Elf (3/3) Orc:2        Vaults (5/5) D:14
  Crypt (0/3) Vaults:3     Depths (5/5) D:15            Zot (5/5) Depths:5

Altars:
Ashenzari
Cheibriados
Dithmenos
Elyvilon
Fedhas
Gozag
Hepliaklqana
Kikubaaqudgha
Makhleb
Nemelex Xobeh
Okawaru
Qazlal
Ru
Sif Muna
Trog
Uskayaw
Vehumet
Wu Jian
Xom
Yredelemnul
Zin
The Shining One
Beogh
Lugonu

Shops:
D:4 }   D:7 *   D:11 }   Orc:2 ([!:   Depths:1 [(=*

Portals:
Hell: Depths:1 Depths:2 Depths:3 Depths:4 Depths:5
Abyss: Depths:1 Depths:3 Depths:4 Depths:5
Pandemonium: Depths:3 Depths:4
Ziggurat: Depths:3

Annotations:
D:7 exclusion: downstairs
Zot:5 1 exclusion


Innate Abilities, Weirdness & Mutations

You reflexively headbutt those who attack you in melee.
You have a pair of horns on your head.
Your magical capacity is low. (-10% MP)


Message History

You see here a hand axe.
The white draconian monk burns!
Your Executioner hits the Orb Guardian!
Your Executioner closely misses the Orb Guardian.
Your Executioner hits the Orb Guardian!
The Orb Guardian misses your Executioner.
Your Executioner hits the Orb Guardian!
Your Executioner hits the Orb Guardian but does no damage.
Your Executioner closely misses the Orb Guardian.
The Orb Guardian hits your Executioner!!
Your Executioner dies!
A demon appears!
The white draconian monk burns!
You block the Orb Guardian's attack. The Orb Guardian hits you!!
* * * LOW HITPOINT WARNING * * *
Okay, then.
Okay, then.
You feel much better.
The white draconian monk burns!
The white draconian monk stops burning.
The Orb Guardian hits you!!!
* * * LOW HITPOINT WARNING * * *
The white draconian monk hits you!!
You die...

*,* ###.....###.....[. *,*
###............. *,*
#......(...... *,* #<............
*,* #......###..8. * *,*
#......##..... ** *,##########
#.........8...
,*****,.......2q####......+.....<
*,,,,,,,#####.yX@).'......#..8..)
,,******* ##'######......##.....
*,* #.......##########..8. ,,*
#.......# ##... *** #.....(.#
#### * #.......#
*******#.#######* ******** *
*,,,,,,..,,,,,,,* **,,,,,,, **
**,,,,,..,,,,,,** **,,,,,,,,


You could see a white draconian monk (berserk), an Orb Guardian (berserk), a
moth of wrath and a friendly balrug.

Vanquished Creatures
  An orb of fire (Zot:2)
  Mara (Depths:3)
  2 ancient liches (Zot:5)
  4 juggernauts
  Sojobo (Depths:3)
  Margery (Depths:3)
  A Killer Klown (Zot:4)
  Saint Roka (Elf:3)
  2 caustic shrikes
  2 curse toes
  Nikola (Spider:1)
  8 golden dragons
  4 electric golems
  17 tentacled monstrosities
  4 liches
  3 Orb Guardians (Zot:5)
  3 titans (Vaults:5)
  A deep elf master archer (Elf:3)
  3 deep elf blademasters
  9 quicksilver dragons
  The ghost of Otrisyeh the Bludgeoner, an adept DgGl (Elf:1)
  8 death cobs
  Polyphemus (Shoals:2)
  5 sphinxes
  Gastronok (Lair:3)
  6 shadow dragons
  11 tengu reavers
  13 storm dragons
  Roxanne (Elf:1)
  8 frost giants
  10 fire giants
  4 deep elf sorcerers
  Donald (Shoals:3)
  4 draconian knights
  4 draconian monks
  An orc warlord (Elf:3)
  5 draconian scorchers
  9 ghost moths
  4 iron dragons
  Aizul (Depths:1)
  4 draconian stormcallers
  5 deep elf elementalists
  4 draconian shifters
  9 vault wardens
  Louise (Elf:1)
  A balrug (Depths:4)
  7 emperor scorpions
  2 spriggan defenders (Depths:1)
  21 very ugly things
  13 ironheart preservers
  4 draconian annihilators
  3 war gargoyles (Vaults:5)
  18 stone giants
  2 entropy weavers
  10 black draconians
  7 green draconians
  5 deep elf demonologists (Elf:3)
  A vampire knight (Depths:1)
  7 red draconians
  The ghost of Ufuzuash the Cleaver, a journeyman GnBe of Trog (Lair:3)
  11 deep elf annihilators
  24 purple draconians
  12 yellow draconians
  The ghost of feta the Champion of Chaos, a journeyman DDNe of Makhleb (Orc:2)
  13 white draconians
  13 ettins
  8 spark wasps
  9 statues (WizLab)
  6 deep elf death magi
  A merfolk javelineer (Shoals:1)
  Josephine (Orc:1)
  8 fire dragons
  12 yaktaur captains
  17 ogre magi
  3 merfolk impalers
  9 great orbs of eyes
  8 ice dragons
  A quicksilver dragon zombie (Depths:4)
  7 deep elf high priests
  Fannar (Lair:2)
  2 rakshasas (Depths:1)
  5 hydras
  Erolcha (Orc:2)
  37 vault guards
  The ghost of Htamos the Cleaver, a journeyman VSBe (D:13)
  An anaconda (shapeshifter) (Elf:3)
  A juggernaut simulacrum (Depths:4)
  4 merfolk avatars
  An alligator snapping turtle (Shoals:3)
  4 spriggan air magi
  A catoblepas (Shoals:2)
  6 merfolk aquamancers
  A satyr (shapeshifter) (Depths:4)
  5 satyrs (Shoals:4)
  5 tengu warriors
  9 centaur warriors
  44 two-headed ogres
  9 deep troll shamans
  20 dancing weapons
  5 death knights
  2 death yaks (Shoals:2)
  16 deep troll earth magi
  4 spriggan berserkers (Depths:5)
  3 orc high priests
  A small abomination (Elf:3)
  A storm dragon zombie (Vaults:3)
  Sonja (D:10)
  26 deep elf knights
  A sun demon (Depths:4)
  16 hell knights
  4 shadow wraiths
  An iron troll (Depths:5)
  2 glowing orange brains
  5 sea snakes
  6 skeletal warriors
  30 deep trolls
  7 wizards
  6 flayed ghosts
  2 harpies (shapeshifter)
  15 deep elf archers
  13 orc knights
  Pikel (D:6)
  16 ironbrand convokers
  A lindwurm (shapeshifter) (D:12)
  2 phantasmal warriors
  9 harpies
  13 necromancers
  15 orc sorcerers
  6 cyclopes
  13 slime creatures
  2 frost giant zombies (Vaults:4)
  42 ugly things
  A human zombie (Vaults:2)
  17 orb spiders
  87 deep elf magi
  24 fauns
  14 manticores
  21 moths of wrath
  32 wolf spiders
  3 oklob plants
  3 elephants
  Maurice (Orc:1)
  3 frost giant skeletons
  A stone giant skeleton (Vaults:2)
  2 iron dragon skeletons (Depths:4)
  2 centaur zombies (D:12)
  A rust devil (Depths:4)
  13 merfolk sirens
  A water nymph (Shoals:3)
  6 black mambas
  A naga mage (D:15)
  A fire giant skeleton (Vaults:5)
  A titan simulacrum (Depths:1)
  A storm dragon simulacrum (Depths:4)
  2 yaktaur zombies (Depths:1)
  16 vault sentinels
  2 gargoyles
  5 torpor snails
  26 spiny frogs
  58 yaktaurs
  4 centaur skeletons
  2 komodo dragons
  7 rime drakes
  7 demonic crawlers
  A spark wasp simulacrum (Depths:4)
  A hellwing (Depths:4)
  3 human skeletons
  A yaktaur skeleton (Vaults:2)
  4 freezing wraiths
  7 trolls
  6 meliai
  21 merfolk
  A tengu conjurer (Shoals:1)
  A tengu simulacrum (Vaults:3)
  2 queen bees
  26 jumping spiders
  2 queen bees (shapeshifter)
  23 blink frogs
  A merfolk (shapeshifter) (Vaults:4)
  3 tyrant leeches (Lair:6)
  9 hornets
  2 polar bears
  2 dream sheep (Shoals:3)
  2 wind drakes
  A fire giant simulacrum (Vaults:3)
  19 hippogriffs
  A blink frog (shapeshifter) (Depths:4)
  4 snapping turtles
  An ettin zombie (Depths:1)
  An air elemental (Elf:2)
  5 spriggans
  8 wraiths
  2 shadows
  48 redbacks
  A fire bat (Depths:2)
  24 tarantellas
  22 water elementals
  5 hogs
  41 yaks
  A vampire (D:13)
  9 wyverns
  A hog (shapeshifter) (Vaults:3)
  2 hungry ghosts
  Eustachio (D:5)
  8 basilisks
  2 fire elementals
  A human (D:11)
  A neqoxec (Depths:4)
  A golden eye (shapeshifter) (Depths:1)
  A human simulacrum (Vaults:4)
  A yaktaur simulacrum (Vaults:2)
  10 vampire mosquitoes
  6 wargs
  Menkaure (D:6)
  3 acid dragons
  14 water moccasins
  11 porcupines
  A floating eye (shapeshifter) (Vaults:3)
  A soldier ant (D:11)
  A floating eye (Depths:3)
  A deep troll skeleton (Vaults:5)
  2 slaves
  A black bear (D:10)
  36 orc warriors
  An ice beast (shapeshifter) (Depths:1)
  An elephant zombie (Lair:5)
  A hornet zombie (D:15)
  An ettin simulacrum (Depths:1)
  3 sky beasts
  3 ice beasts
  47 ogres
  A necrophage (D:11)
  2 elf skeletons
  6 boggarts
  2 phantoms
  21 centaurs
  25 wolves
  9 crocodiles
  2 big kobolds
  2 komodo dragon zombies (Lair:5)
  3 earth elementals
  33 bullfrogs
  2 glowing shapeshifter simulacra
  A water moccasin skeleton (D:11)
  A hornet simulacrum (D:15)
  A scorpion (D:8)
  6 jellies
  54 killer bees
  15 wights
  13 electric eels
  2 howler monkeys
  2 bullfrog zombies
  9 crimson imps
  2 quasits (Depths:4)
  A hound (D:13)
  21 orc priests
  An iron imp (Depths:4)
  3 bullfrog skeletons
  5 iguanas
  38 orc wizards
  A lightning spire (Zot:4)
  5 worker ants
  A crocodile zombie (Lair:5)
  A hound skeleton (D:6)
  A hound zombie (D:6)
  2 worker ant zombies (D:7)
  Robin (D:3)
  7 gnolls
  13 adders
  2 river rats
  A river rat (shapeshifter) (Depths:5)
  5 shadow imps
  An ooze (D:4)
  5 worms
  2 dart slugs
  5 leopard geckos
  90 orcs
  3 bats
  9 giant cockroaches
  15 goblins
  18 hobgoblins
  15 jackals
  9 quokkas
  2 ball pythons (D:2)
  2 frilled lizards
  A jackal skeleton (D:4)
  15 kobolds
  A quokka skeleton (D:5)
  A quokka zombie (D:6)
  13 rats
  3 bushes (Lair:6)
  2 crawling corpses (Elf:3)
  4 fungi
  13 plants
2293 creatures vanquished.

Vanquished Creatures (collateral kills)
  A caustic shrike (Depths:3)
  the Enchantress (Depths:1)
  A lich (Vaults:3)
  A quicksilver dragon (Vaults:3)
  Kirke (Lair:5)
  The ghost of Duruitt the Bludgeoner, an adept DDBe of Trog (Elf:1)
  The ghost of Isajoj the Bludgeoner, an adept DDBe of Trog (Elf:1)
  A deep elf sorcerer (Elf:3)
  A daeva (Depths:3)
  A fire giant (Vaults:3)
  A frost giant (Vaults:3)
  The ghost of brujo666 the Archer, a journeyman GnHu of Okawaru (Elf:1)
  A spriggan defender (Depths:1)
  A deep elf elementalist (Elf:3)
  A deep elf demonologist (Elf:3)
  An entropy weaver (Spider:4)
  A deep elf annihilator (Elf:3)
  A purple draconian (Zot:2)
  A deep elf death mage (Elf:3)
  A rakshasa (Depths:2)
  An ogre mage (Vaults:4)
  2 centaur warriors (Depths:3)
  2 death yaks (Shoals:2)
  3 two-headed ogres
  A skeletal warrior (Vaults:3)
  A phantasmal warrior (Vaults:3)
  An ironbrand convoker (Vaults:4)
  2 orc knights (Elf:3)
  A necromancer (Vaults:4)
  A sphinx skeleton (Vaults:4)
  A cyclops (shapeshifter) (Vaults:3)
  A manticore (Shoals:2)
  A vault sentinel (Vaults:3)
  A demonic crawler (Spider:4)
  A troll (D:13)
  2 jumping spiders (Spider:4)
  A hornet (Depths:1)
  A fire giant simulacrum (Vaults:4)
  A redback (Spider:4)
  A spriggan (Depths:1)
  A hog (Lair:5)
  A fire bat (Depths:2)
  2 orc warriors (Elf:3)
  3 ogres
  2 centaurs (Depths:3)
  An electric eel (Lair:5)
  A jelly (Lair:5)
  A quasit (Depths:4)
  2 kobolds (D:13)
  A fungus (Elf:3)
61 creatures vanquished.

Vanquished Creatures (others)
  2 draconian knights
  A stone giant (Vaults:3)
  A minotaur (Lab)
  2 merfolk javelineers (Shoals:4)
  3 yaktaur captains
  An ogre mage (Vaults:5)
  A deep elf knight (Elf:2)
  4 deep elf archers
  A wolf spider (Spider:3)
  A cyclops (D:13)
  A faun (Shoals:4)
  3 yaktaurs
  A redback (Spider:4)
  3 centaurs
  An orc wizard (Orc:1)
  2 orcs
  A bush (Lair:6)
  26 fungi
  55 plants
  4 withered plants
114 creatures vanquished.

Grand Total: 2468 creatures vanquished

Notes
Turn   | Place    | Note
-------+----------+-------------------------------------------
     0 | D:1      | Brozuf the Minotaur Fighter began the quest for the Orb.
     0 | D:1      | Reached XP level 1. HP: 19/19 MP: 0/0
   186 | D:1      | Reached XP level 2. HP: 27/27 MP: 1/1
   727 | D:2      | Found a shattered altar of Ashenzari.
   777 | D:2      | Reached XP level 3. HP: 31/33 MP: 2/2
   849 | D:2      | Found a hazy altar of Hepliaklqana.
  1057 | D:2      | Reached XP level 4. HP: 38/40 MP: 3/3
  1772 | D:3      | Noticed Robin
  1979 | D:3      | Killed Robin
  1979 | D:3      | Reached XP level 5. HP: 44/47 MP: 4/4
  2061 | D:3      | Reached skill level 5 in Axes
  2063 | D:3      | Found a glowing drain.
  2092 | Sewer    | Entered a sewer
  2191 | Sewer    | Reached skill level 5 in Fighting
  2191 | Sewer    | Reached skill level 5 in Shields
  2191 | Sewer    | Reached XP level 6. HP: 42/56 MP: 5/5
  2469 | Sewer    | Found a white marble altar of Elyvilon.
  2924 | D:3      | Found a hide-covered altar of Uskayaw.
  2970 | D:3      | Found a radiant altar of Vehumet.
  3493 | D:4      | Found an opulent altar of Gozag.
  3638 | D:4      | Found a staircase to the Ecumenical Temple.
  3767 | Temple   | Entered the Ecumenical Temple
  3870 | Temple   | Became a worshipper of Makhleb the Destroyer
  3920 | D:4      | Found a snail-covered altar of Cheibriados.
  3921 | D:4      | Found a deep blue altar of Sif Muna.
  3982 | D:4      | Found Pelaba's Gadget Emporium.
  4266 | D:5      | Entered Level 5 of the Dungeon
  4284 | D:5      | Noticed Eustachio
  4308 | D:5      | Killed Eustachio
  4308 | D:5      | Reached skill level 1 in Dodging
  4404 | D:5      | Reached XP level 7. HP: 57/61 MP: 6/6
  5634 | D:6      | Noticed Pikel
  5833 | D:6      | Killed Pikel
  5833 | D:6      | Reached XP level 8. HP: 46/68 MP: 7/7
  6134 | D:6      | Reached * piety under Makhleb
  6161 | D:6      | Noticed Menkaure
  6165 | D:6      | Killed Menkaure
  6578 | D:7      | Found Duhuaho's General Store.
  6589 | D:7      | Reached skill level 10 in Axes
  6642 | D:7      | Reached skill level 5 in Armour
  7036 | D:8      | Reached XP level 9. HP: 58/74 MP: 8/8
  7038 | D:8      | Noticed a two-headed ogre
  7426 | D:9      | You fall through a shaft for 2 floors!
  7503 | D:11     | Noticed an elephant
  7573 | D:11     | Noticed a manticore
  7581 | D:11     | HP: 3/74 [manticore (4)]
  7584 | D:11     | Killed a manticore
  7900 | D:10     | Entered Level 10 of the Dungeon
  8281 | D:10     | Reached ** piety under Makhleb
  8338 | D:9      | Reached XP level 10. HP: 55/81 MP: 9/9
  8696 | D:9      | Noticed a two-headed ogre
  8705 | D:9      | Killed a two-headed ogre
  9230 | D:9      | Reached skill level 1 in Invocations
 10785 | D:10     | Noticed Sonja
 10794 | D:10     | Killed Sonja
 10857 | D:10     | Reached *** piety under Makhleb
 10964 | D:10     | Reached XP level 11. HP: 91/91 MP: 12/12
 11141 | D:10     | Reached skill level 10 in Armour
 11867 | D:11     | Found a staircase to the Lair.
 12095 | D:11     | Noticed a seven-headed hydra
 12126 | D:11     | Killed a seven-headed hydra
 12285 | D:11     | Reached **** piety under Makhleb
 12431 | D:11     | Found Ethinoofeu's Gadget Boutique.
 12886 | D:11     | Noticed a two-headed ogre
 12897 | D:11     | Killed a two-headed ogre
 12897 | D:11     | Reached skill level 15 in Axes
 13030 | Lair:1   | Entered Level 1 of the Lair of Beasts
 14046 | Lair:2   | Found a snail-covered altar of Cheibriados.
 14046 | Lair:2   | Noticed a five-headed hydra
 14108 | Lair:2   | Reached XP level 12. HP: 106/106 MP: 14/14
 14224 | Lair:2   | Reached skill level 10 in Fighting
 14343 | Lair:2   | Reached ***** piety under Makhleb
 14717 | Lair:2   | Killed a five-headed hydra
 15073 | Lair:2   | Noticed Fannar
 15095 | Lair:2   | Killed Fannar
 15733 | Lair:3   | Reached skill level 5 in Invocations
 15911 | Lair:3   | Noticed a six-headed hydra
 15918 | Lair:3   | Killed a six-headed hydra
 15922 | Lair:3   | Found a hole to the Spider Nest.
 15978 | Lair:3   | Found a staircase to the Shoals.
 16149 | Lair:3   | Noticed Gastronok
 16181 | Lair:3   | Killed Gastronok
 16377 | Lair:3   | Found a runed door.
 16378 | Lair:3   | Noticed Ufuzuash's ghost (journeyman GnBe)
 16947 | D:9      | Found a staircase to the Orcish Mines.
 16951 | D:9      | Reached XP level 13. HP: 117/117 MP: 16/16
 19393 | Lair:5   | Noticed Kirke
 20435 | Lair:5   | Found a staircase to the Slime Pits.
 20535 | Lair:5   | Killed Kirke
 21050 | Lair:5   | Got a warped scale mail
 21193 | Lair:6   | Entered Level 6 of the Lair of Beasts
 21247 | Lair:6   | Reached skill level 10 in Shields
 21597 | Lair:6   | Reached XP level 14. HP: 96/129 MP: 19/19
 22325 | Lair:6   | Identified the +4 scale mail of Polytheism {-Cast rPois SInv} (You found it on level 5 of the Lair of Beasts)
 22468 | Lair:6   | Got a shimmering plate armour
 22521 | Lair:6   | Got a jewelled hunting sling
 22635 | Lair:6   | Reached ****** piety under Makhleb
 23128 | D:12     | Found a labyrinth entrance.
 23139 | Lab      | Entered a labyrinth
 23320 | Lab      | Identified the Volume of Confrontation and the Arsonist
 23340 | Lab      | Identified the cursed +2 hunting sling "Jellyslayer" {freeze, rElec rC+++ Int+3 Dex-2} (You found it on level 6 of the Lair of Beasts)
 23344 | Lab      | Got a scorched shortbow
 23852 | D:13     | Reached skill level 15 in Armour
 24138 | D:13     | Noticed a fire giant
 24139 | D:13     | Noticed Htamos's ghost (journeyman VSBe)
 24162 | D:13     | Found a transporter.
 24177 | D:13     | Found a transporter.
 24244 | D:13     | Reached skill level 5 in Dodging
 24965 | Orc:1    | Entered Level 1 of the Orcish Mines
 25090 | Orc:2    | Entered Level 2 of the Orcish Mines
 25090 | Orc:2    | Noticed Josephine
 25095 | Orc:2    | Noticed Maurice
 25112 | Orc:1    | Killed Josephine
 25122 | Orc:1    | Killed Maurice
 25859 | Orc:2    | Found a large runed door.
 25859 | Orc:2    | Found a large runed door.
 25894 | Orc:2    | Found a roughly hewn altar of Beogh.
 26049 | Orc:2    | Found a staircase to the Elven Halls.
 26172 | Orc:2    | Noticed feta's ghost (journeyman DDNe)
 26211 | Orc:1    | Reached XP level 15. HP: 139/139 MP: 21/21
 26511 | Orc:2    | Found a radiant altar of Vehumet.
 26511 | Orc:2    | Noticed Erolcha
 26540 | Orc:2    | Killed Erolcha
 26774 | Orc:2    | Found Citogul's Distillery.
 26795 | Orc:2    | Bought a potion of heal wounds for 70 gold pieces
 26795 | Orc:2    | Bought a potion of curing for 42 gold pieces
 26795 | Orc:2    | Bought a potion of curing for 42 gold pieces
 26806 | Orc:2    | Found an ancient bone altar of Kikubaaqudgha.
 26820 | Orc:2    | Reached skill level 10 in Invocations
 26926 | Orc:2    | Found a roughly hewn altar of Beogh.
 26926 | Orc:2    | Found Uxoesh's Antique Weapon Emporium.
 26944 | Orc:2    | Found Intemm's Book Shoppe.
 26955 | Orc:2    | Found Dar Petisoy's Antique Armour Shoppe.
 26994 | Orc:2    | Bought a broad axe for 124 gold pieces
 27003 | Orc:2    | Identified the +11 plate armour "Keoxekla" {Str+3} (You found it on level 6 of the Lair of Beasts)
 27019 | Orc:2    | Bought a glowing scarf for 200 gold pieces
 27285 | Orc:2    | Killed feta's ghost
 27949 | D:12     | Reached skill level 15 in Fighting
 29104 | D:14     | Found a gate to the Vaults.
 29692 | D:15     | Entered Level 15 of the Dungeon
 30204 | D:15     | Found a staircase to the Depths.
 30731 | D:15     | Reached XP level 16. HP: 151/151 MP: 23/23
 30896 | D:15     | Found a portal to a secret trove of treasure.
 31160 | Spider:1 | Entered Level 1 of the Spider Nest
 31523 | Spider:1 | Noticed Nikola
 31547 | Spider:1 | Killed Nikola
 34690 | Spider:4 | Entered Level 4 of the Spider Nest
 35494 | Spider:4 | Reached XP level 17. HP: 159/159 MP: 25/25
 36117 | Spider:4 | Got a gossamer rune of Zot
 36757 | Shoals:1 | Entered Level 1 of the Shoals
 37199 | Shoals:1 | Got a heavy robe
 37615 | Shoals:2 | Noticed Polyphemus
 37639 | Shoals:2 | Killed Polyphemus
 37694 | Shoals:2 | You fall through a shaft!
 37787 | Shoals:3 | Reached skill level 15 in Shields
 38048 | Shoals:3 | Noticed Donald
 38058 | Shoals:3 | Killed Donald
 38667 | Shoals:4 | Entered Level 4 of the Shoals
 38727 | Shoals:4 | Found a shadowy altar of Dithmenos.
 38850 | Shoals:4 | Reached XP level 18. HP: 171/172 MP: 27/27
 39089 | Shoals:4 | Reached skill level 15 in Invocations
 39390 | Shoals:4 | Found the +10 zealot's sword {holy, *Rage rN+ EV+3}
 39424 | Shoals:4 | Got a barnacled rune of Zot
 39579 | Shoals:4 | Identified the cursed +1 robe of Abstinence {Str+3} (You took it off a tengu conjurer on level 1 of the Shoals)
 40201 | Orc:2    | Bought a runed hat for 175 gold pieces
 40240 | Orc:2    | Bought 2 potions of curing for 84 gold pieces
 40438 | Vaults:1 | Entered Level 1 of the Vaults
 42642 | Vaults:2 | You fall through a shaft!
 42665 | Vaults:3 | Reached XP level 19. HP: 190/190 MP: 29/29
 43531 | Vaults:3 | Reached skill level 10 in Dodging
 43931 | Vaults:3 | Found a staircase to the Crypt.
 44077 | Vaults:3 | Noticed a lich
 44086 | Vaults:3 | Killed a lich
 44760 | Vaults:4 | Reached XP level 20. HP: 200/200 MP: 31/31
 45860 | Elf:1    | Entered Level 1 of the Elven Halls
 45865 | Elf:1    | Noticed Louise
 45881 | Elf:1    | Killed Louise
 45965 | Elf:1    | Found a runed gate.
 45965 | Elf:1    | Found a runed gate.
 45965 | Elf:1    | Found a runed gate.
 45967 | Elf:1    | Noticed brujo666's ghost (journeyman GnHu)
 45970 | Elf:1    | Noticed Isajoj's ghost (adept DDBe)
 45970 | Elf:1    | Noticed Otrisyeh's ghost (adept DgGl)
 45970 | Elf:1    | Noticed Duruitt's ghost (adept DDBe)
 46128 | Elf:1    | Noticed Roxanne
 46144 | Elf:1    | Killed Roxanne
 46835 | Elf:1    | Killed Isajoj's ghost
 46838 | Elf:1    | Killed Otrisyeh's ghost
 46844 | Elf:1    | Killed brujo666's ghost
 46846 | Elf:1    | Killed Duruitt's ghost
 46861 | Elf:1    | Got a brightly glowing great sword
 46874 | Elf:1    | Identified the +10 great sword of Dominance {freeze, Int+5} (You found it on level 1 of the Elven Halls)
 47378 | Elf:2    | Found a runed gate.
 47380 | Elf:2    | Found a runed gate.
 47383 | Elf:2    | Found a runed gate.
 48131 | Elf:2    | Reached XP level 21. HP: 210/210 MP: 32/32
 49286 | Elf:3    | Entered Level 3 of the Elven Halls
 49720 | Elf:3    | Found a roughly hewn altar of Beogh.
 50175 | Elf:3    | Noticed Saint Roka
 50192 | Elf:3    | Killed Saint Roka
 50891 | Elf:3    | Got a warped lajatang {slice}
 50939 | Elf:3    | Got a bone hand crossbow
 50958 | Elf:3    | Identified the +11 lajatang of Lewakuit {slice, rElec rN+ Int+3} (You took it off a deep elf elementalist on level 3 of the Elven Halls)
 50959 | Elf:3    | Identified the +1 hand crossbow of the Yoke {freeze, rElec rF+ Str+3 SInv} (You found it on level 3 of the Elven Halls)
 51065 | Elf:3    | Got a crystal arbalest
 51080 | Elf:3    | Identified the +4 arbalest of Spite {penet, rC+ rN+ MR++ Str-5} (You found it on level 3 of the Elven Halls)
 51086 | Elf:3    | Got a bound glass ring
 51094 | Elf:3    | Identified the ring "Boutorgh" {MR+ EV+2 Dex+5 Slay+4 Stlth-} (You took it off a deep elf elementalist on level 3 of the Elven Halls)
 51142 | Elf:3    | Got an ichor-stained great sword {freeze}
 51143 | Elf:3    | Identified the +3 great sword "Siatue" {freeze, Dex+4} (You took it off a deep elf demonologist on level 3 of the Elven Halls)
 51149 | Elf:3    | Got a steaming morningstar {vamp}
 51150 | Elf:3    | Identified the cursed +1 morningstar "Sasuack" {vamp, rC++ Dex+3} (You took it off a deep elf mage on level 3 of the Elven Halls)
 51513 | Depths:1 | Entered Level 1 of the Depths
 52179 | Depths:1 | Found a gateway to Hell.
 52351 | Depths:1 | Found Jeuxuw's Antique Armour Boutique.
 52352 | Depths:1 | Found Empozxuw's Jewellery Shop.
 52352 | Depths:1 | Found Qelidaox's Antique Weapon Boutique.
 52357 | Depths:1 | Bought a pair of runed boots for 330 gold pieces
 52357 | Depths:1 | Found Xauf's General Store.
 52370 | Depths:1 | Identified a +1 pair of boots of running (You bought it in a shop on level 1 of the Depths)
 52375 | Depths:1 | Bought a scroll of teleportation for 42 gold pieces
 52378 | Depths:1 | Bought the amulet "Vuyjoaci" {Reflect rElec rF+ Str+4 Int-2 SH+3} for 572 gold pieces
 52394 | Depths:1 | Found a one-way gate to the infinite horrors of the Abyss.
 52397 | Depths:1 | Noticed Aizul
 52412 | Depths:1 | Killed Aizul
 52657 | Depths:1 | Noticed the Enchantress
 52679 | Depths:1 | Reached skill level 15 in Dodging
 53067 | Depths:1 | Killed the Enchantress
 53662 | Depths:2 | Reached XP level 22. HP: 222/222 MP: 33/33
 53676 | Depths:2 | Noticed a golden dragon
 53688 | Depths:2 | Killed a golden dragon
 54561 | Depths:3 | Paralysed by a floating eye for 4 turns
 54614 | Depths:3 | Found a corrupted altar of Lugonu.
 54785 | Depths:3 | Noticed a caustic shrike
 54794 | Depths:3 | Killed a caustic shrike
 54807 | Depths:3 | Got a shimmering turquoise ring
 54817 | Depths:3 | Noticed a caustic shrike
 54825 | Depths:3 | Killed a caustic shrike
 54835 | Depths:3 | Identified the ring "Gecwoem" {Int+4 Dex+2 Slay+3} (You found it on level 3 of the Depths)
 54889 | Depths:3 | Noticed Sojobo
 54908 | Depths:3 | Killed Sojobo
 54950 | Depths:3 | Noticed Mara
 54952 | Depths:3 | Noticed Brozuf's illusion
 54960 | Depths:3 | Killed Mara
 55129 | Depths:3 | Found a gateway to a ziggurat.
 55137 | Depths:3 | Noticed Margery
 55157 | Depths:3 | Killed Margery
 55184 | Depths:3 | Found a one-way gate leading to the halls of Pandemonium.
 55245 | Depths:3 | Found a shimmering altar of Xom.
 55272 | Depths:3 | Found the amulet of Vitality {Regen+ HP+15}
 55518 | Depths:3 | Got an ancient large shield
 55522 | Depths:3 | Identified the +2 large shield of Tender Moments {Dex+4} (You took it off a daeva on level 3 of the Depths)
 55677 | Depths:4 | Noticed a golden dragon
 55697 | Depths:3 | Killed a golden dragon
 55816 | Depths:4 | Found a magical portal.
 55821 | WizLab   | Entered Iskenderun's Mystic Tower
 55947 | WizLab   | Reached XP level 23. HP: 225/232 MP: 34/34
 56415 | WizLab   | Identified the Guide on Creative Poison
 56426 | WizLab   | Identified Iskenderun's Incunabulum of Attacks
 56426 | WizLab   | Identified Iskenderun's Almanac of Confrontation
 56689 | Depths:4 | Found a transporter.
 56850 | Depths:4 | Found a transporter.
 57641 | D:13     | Killed Htamos's ghost
 57668 | D:13     | Got a jewelled cloak
 57670 | D:13     | Identified the +0 cloak of the Garden {MR+} (You found it on level 13 of the Dungeon)
 57895 | Lair:2   | Got an encrusted cloak
 57896 | Lair:2   | Identified the cursed +0 cloak of the Bagpipe {+Inv rC- rCorr Slay+6} (You found it on level 2 of the Lair of Beasts)
 58032 | Lair:3   | Killed Ufuzuash's ghost
 58246 | Depths:1 | Got faerie dragon scales
 58258 | Depths:1 | Identified the +5 faerie dragon scales {rF++ rCorr HP-5 Int+2} (You took it off the Enchantress on level 1 of the Depths)
 58333 | D:15     | You paid a toll of 17 potions of curing to enter a treasure trove
 58334 | Trove    | Entered a treasure trove
 58385 | Trove    | Got a faintly glowing cloak
 58386 | Trove    | Identified the -5 cloak of the Blind Marksman {rCorr} (You found it in a treasure trove)
 58395 | Trove    | Found the +0 mask of the Dragon {MR+ Slay+3 SInv}
 58398 | Trove    | Got a translucent hat
 58400 | Trove    | Got a pair of transparent gloves
 58407 | Trove    | Got a fine hat
 58410 | Trove    | Identified the +0 pair of gloves of the Turtledove {rCorr} (You found it in a treasure trove)
 58422 | Trove    | Got a dazzling plate armour
 58464 | D:15     | Identified the +2 plate armour "Mukymn" {+Fly Regen+ Dex-2 SInv} (You found it in a treasure trove)
 58666 | D:15     | Identified the +1 hat of the Garden {+Inv rF+ rC- Int+2} (You found it in a treasure trove)
 58677 | D:15     | Identified the -6 hat of Watchfulness {rElec rC+ Int-2} (You found it in a treasure trove)
 59524 | Vaults:5 | Entered Level 5 of the Vaults
 59576 | Vaults:5 | Reached XP level 24. HP: 245/245 MP: 34/34
 60521 | Vaults:5 | Got a silver rune of Zot
 60545 | Vaults:5 | Got an ichor-stained shortbow
 60564 | Vaults:5 | Got a bound jade amulet
 60585 | Vaults:5 | Identified the amulet of Insomnia {*Drain MR+ Regen+ Str+3} (You found it on level 5 of the Vaults)
 61116 | Vaults:5 | Found the +7 great mace "Undeadhunter" {disrupt, rN+}
 61136 | Vaults:5 | Identified the Papyrus of Dusty Darkness
 61149 | Vaults:5 | Got a fine golden ring
 61166 | Vaults:5 | Identified the ring "Sagepp" {rC+++ Int-4 Dex+5 Slay-3 Stlth-} (You found it on level 5 of the Vaults)
 61594 | Depths:4 | Noticed a juggernaut
 61595 | Depths:4 | Noticed a juggernaut
 61673 | Depths:4 | Killed a juggernaut
 61683 | Depths:4 | Killed a juggernaut
 61722 | Depths:4 | Got a translucent zirconium amulet
 61730 | Depths:4 | Got a slimy marble ring
 61743 | Depths:4 | Got a brightly glowing steel ring
 61749 | Depths:4 | Identified the ring "Wufyerch" {+Fly Int+4 Dex+2} (You found it on level 4 of the Depths)
 61752 | Depths:4 | Identified the ring "Laeriraj" {Int+2 Stlth-} (You found it on level 4 of the Depths)
 61960 | Depths:5 | Entered Level 5 of the Depths
 61977 | Depths:5 | Noticed a juggernaut
 61995 | Depths:5 | Killed a juggernaut
 62087 | Depths:5 | Reached XP level 25. HP: 255/255 MP: 34/34
 62628 | Depths:5 | Noticed a juggernaut
 62643 | Depths:5 | Killed a juggernaut
 63275 | Depths:5 | Found a gate to the Realm of Zot.
 63407 | Zot:1    | Entered Level 1 of the Realm of Zot
 63422 | Zot:1    | Reached skill level 27 in Fighting
 63430 | Zot:1    | Identified the amulet "Tocimp" {Faith *Contam rC++ Int+5} (You found it on level 4 of the Depths)
 64257 | Zot:2    | Noticed an orb of fire
 64262 | Zot:2    | Gained mutation: Your magical capacity is low. (-10% MP) [an orb of fire]
 64266 | Zot:2    | Killed an orb of fire
 65117 | Zot:2    | Reached XP level 26. HP: 217/266 MP: 30/30
 67829 | Zot:5    | Entered Level 5 of the Realm of Zot
 67892 | Zot:5    | Noticed an ancient lich
 67902 | Zot:5    | Killed an ancient lich
 68140 | Zot:5    | Noticed an ancient lich
 68150 | Zot:5    | Killed an ancient lich
 68150 | Zot:5    | Reached skill level 27 in Armour
 68193 | Zot:5    | Mangled by a white draconian monk

Vault maps used:
D:1:      dpeg_arrival_lava_altar
D:2:      minmay_wonky_spiral, nicolae_ashenzari_panopticon, old_standard_altar,
          first_ration
D:3:      nicolae_overflow_hidden_temple, eat_drink_and_be_merry_uskayaw,
          gup_sewer_entry_bubbles, uniq_robin
D:4:      nicolae_gozag_cash_rules_everything_around_me,
          gammafunk_temple_overflow_statue, minmay_temple_entry_overgrown,
          serial_shops, nicolae_shop_temple_entry_statues_fountains,
          kennysheep_windowed_goal
D:5:      hangedman_decor_diamond_cutter, dk_noncrumbling_3, uniq_eustachio
D:6:      uniq_pikel, uniq_menkaure
D:7:      serial_shops, shop
D:9:      erik_orc_2, hangedman_decor_slide_cut
D:10:     minmay_bloctagon, uniq_sonja
D:11:     david_lair_generic, serial_shops, shop, hangedman_stone_soup
D:12:     cross_vault, lab_entry_generic
D:13:     gammafunk_ghost_arena
D:14:     erik_vaults_2, minmay_misc_feat_encased
D:15:     grunt_enter_depths_magical_seal, skrybe_limestone_x, special_room,
          nicolae_trove_entry_crystal
Temple:   regret_index_temple_waves
Lair:1:   minivault_19, grunt_megastairs_2
Lair:2:   regret_index_harrowing_hell_hive, basic_altar, serial_bayou_pond_d,
          grunt_megastairs_5, lemuel_fruit_tree, uniq_fannar
Lair:3:   minmay_shoals_entry_centaurs, spider_nest_entry_a, serial_bayou,
          serial_bayou_lagoon_a, serial_bayou_crossing, serial_bayou_shore_a,
          serial_bayou_pond_a, gammafunk_ghost_grave, uniq_gastronok
Lair:5:   pond_and_an_island_with_a_cottage, nicolae_slime_entry_slimehenge,
          st_stairs_4, lookout_lair_type, beast_lair_carwin_11, uniq_kirke
Lair:6:   minmay_lair_end_frog_pond
Shoals:1: kb_tengu_band
Shoals:2: nicolae_shoals_c_island, uniq_polyphemus
Shoals:3: uniq_donald
Shoals:4: shoals_end_grunt_garden, lemuel_oklob_altar
Spider:1: uniq_nikola
Spider:2: nicolae_spider_cling_ruins
Spider:3: spider_trap
Spider:4: grunt_spider_rune_circles
Orc:1:    portal_ice_cave_rime
Orc:2:    kennysheep_orc_mage_school, ebering_ghost_disaster_area,
          bh_open_orc_temple, uniq_maurice, uniq_josephine
Elf:1:    minmay_elf_arrival_plus, gammafunk_ghost_cemetery,
          hangedman_elf_disciples, uniq_louise, uniq_roxanne
Elf:3:    grunt_elf_hall_diamonds, special_room, uniq_saint_roka
Vaults:1: vaults_room_ringed_pool, ontoclasm_vaults_gateway,
          nicolae_vaults_network_periphery, vaults_room_hallway
Vaults:2: nicolae_vaults_little_squares_3, hangedman_vaults_locks,
          vaults_room_large_hall, vaults_room_octagon, v_rooms_5,
          vaults_dpeg_encased_lava, nicolae_vaults_little_squares_6, v_rooms_4
Vaults:3: hangedman_vaults_corner, vaults_standard_mumra_x,
          blue_anna_dwarven_crypt, ontoclasm_vaults_chip,
          nicolae_vaults_yaktaur_gun_rack, vaults_room_hallway, v_alt_pattern_5,
          v_alt_pattern_4, hangedman_vaults_stream, dpeg_vaults_waves,
          grunt_vaults_hallway_long, vaults_room_pools
Vaults:4: grunt_vaults_bifocal, v_misc_16, hangedman_vaults_trim,
          ontoclasm_vaults_fault, grunt_vaults_diagonal,
          vaults_room_guarded_vault, nicolae_vaults_circle_grid_a,
          dpeg_vaults_monster_box, v_pattern_2, nicolae_vaults_little_squares_4,
          ontoclasm_vaults_hangar, nicolae_vaults_rhombus_6
Depths:1: hell_entry, abyss_entry, nrook_uturn, minivault_11,
          kennysheep_small_circle, minmay_shoptagon, serial_bayou_shore_b,
          uniq_enchantress, uniq_aizul
Depths:2: kennysheep_blocky_room, grunt_hell_entry_dis_old,
          kennysheep_random_hallway
Depths:3: minmay_stepped, enter_ziggurat_c, abyss_entry_flame_altar,
          grunt_metal_band, serial_sigils_hangedman_writhe, pan_entry,
          xom_teletrap_fun, infiniplex_staircase_zigzag_1, uniq_sojobo,
          uniq_mara
Depths:4: gammafunk_dig_for_victory, hell_entry, abyss_entry,
          grunt_pan_entry_zigzag, mu_enter_wizlab_2,
          infiniplex_staircase_pillars_2, basic_stair_grate_trap
Depths:5: grunt_zot_entry_gee_three, abyss_entry, pf_vacation_house_of_asmodeus,
          minmay_misc_feat_alley
Zot:2:    grunt_deathspiral_small
Zot:4:    grunt_ministairs_1, bh_zot_ikea_curve, amethyst_zot_foddershock
Zot:5:    grunt_ministairs_9, bh_zot_lava_cross, hangedman_zot_decor_tridents,
          st_stairs_8
Lab:      nicolae_lab_dead_adventurers, nicolae_lab_lava, nicolae_lab_do_over,
          lab_block, nicolae_lab_statue, nicolae_lab_arrow,
          nicolae_lab_very_dead_end, nicolae_lab_checkerboard, nicolae_lab_plus,
          labyrinth_glass_1
Trove:    trove_armour_six_rooms
Sewer:    sewer_kobolds
WizLab:   wizlab_iskenderun

Skill      XL: |  1  2  3  4  5  6  7  8  9 10 11 12 13 14 15 16 17 18 19 20 21 22 23 24 25 26 |
---------------+-------------------------------------------------------------------------------+-----
Axes           | 3 4 5 6 8 10 13 14 15 16 18 | 18.0
Fighting       | 4 5 6 9 11 13 14 15 16 18 21 22 23 24 25 26 27 | 27.0
Shields        | 4 5 6 7 8 10 12 13 14 15 16 18 20 22 24 | 24.1
Dodging        | 1 3 4 6 8 11 13 15 17 18 | 18.1
Armour         | 5 8 9 11 13 14 15 16 17 19 20 23 27 | 27.0
Invocations    | 3 4 5 8 9 11 13 14 15 16 | 16.0

Action                   |  1- 3 |  4- 6 |  7- 9 | 10-12 | 13-15 | 16-18 | 19-21 | 22-24 | 25-27 || total
-------------------------+-------+-------+-------+-------+-------+-------+-------+-------+-------++-------
Melee: War axe           |    82 |   182 |   263 |   856 |  1229 |       |       |       |       ||  2612
       Headbutt          |    12 |    33 |    45 |   168 |   429 |   349 |   380 |   279 |   271 ||  1966
       Whip              |       |       |       |     5 |     6 |       |       |       |       ||    11
       Broad axe         |       |       |       |       |   497 |  1389 |  1338 |   791 |   686 ||  4701
 Fire: Hunting sling     |       |       |       |       |    19 |    36 |       |       |       ||    55
Throw: Javelin           |       |       |     2 |       |       |       |       |       |       ||     2
Invok: Lesser Servant of |       |       |       |     8 |    18 |    11 |     3 |     7 |       ||    47
       Greater Servant o |       |       |       |       |       |     2 |    13 |     7 |     7 ||    29
 Abil: Evoke Berserk Rag |       |       |       |     1 |       |       |       |       |       ||     1
Evoke: Wand              |       |       |     5 |    25 |    22 |    51 |     3 |     6 |       ||   112
  Use: Scroll            |       |     5 |     5 |    15 |     9 |    15 |    11 |    14 |     5 ||    79
       Potion            |       |       |     2 |       |     1 |     4 |       |     1 |     1 ||     9
 Stab: Paralysed         |       |       |       |     1 |       |       |       |       |       ||     1
       Distracted        |       |       |       |     1 |     3 |     2 |     3 |     6 |     3 ||    18
  Eat: Chunk             |     1 |    10 |    10 |    28 |    26 |    15 |    10 |    18 |    15 ||   133
       Ration            |       |       |     1 |     1 |     6 |     8 |     7 |     2 |     2 ||    27
Armor: Scale mail        |    30 |    61 |       |       |       |       |       |       |       ||    91
       Chain mail        |       |    13 |    65 |    47 |       |       |       |       |       ||   125
       Plate armour      |       |       |       |   244 |   464 |   745 |   394 |   281 |   150 ||  2278
Dodge: Dodged            |    23 |    53 |    43 |   160 |   459 |   516 |   314 |   302 |   251 ||  2121
Block: Shield            |    30 |    97 |   210 |   495 |  1125 |  1306 |   719 |   148 |       ||  4130
       Reflection        |       |       |     9 |    10 |    41 |   112 |    85 |    91 |    11 ||   359
       Large shield      |       |       |       |       |       |       |       |   701 |   732 ||  1433

Table legend:
 A = Spawn XP
 B = Non-spawn XP
 C = Spawn XP percentage of total XP
 D = Spawn monster count
 E = Non-spawn monster count
 F = Spawn count percentage of total count
 G = Total turns spent on level
                    A         B        C        D         E        F      G
               +---------+---------+-------+---------+---------+-------+---------
         Total |       0 | 1490060 |   0.0 |       0 |    2355 |   0.0 | 68193
               +---------+---------+-------+---------+---------+-------+---------
           D:1 |       0 |      36 |   0.0 |       0 |      20 |   0.0 |   663
           D:2 |       0 |     119 |   0.0 |       0 |      39 |   0.0 |  1288
           D:3 |       0 |     159 |   0.0 |       0 |      34 |   0.0 |   992
           D:4 |       0 |      53 |   0.0 |       0 |       6 |   0.0 |   794
           D:5 |       0 |     669 |   0.0 |       0 |      21 |   0.0 |  1369
           D:6 |       0 |     999 |   0.0 |       0 |      11 |   0.0 |   710
           D:7 |       0 |     647 |   0.0 |       0 |      11 |   0.0 |   797
           D:8 |       0 |    1349 |   0.0 |       0 |      16 |   0.0 |   840
           D:9 |       0 |    4966 |   0.0 |       0 |      47 |   0.0 |  3347
          D:10 |       0 |    3101 |   0.0 |       0 |      26 |   0.0 |  1467
          D:11 |       0 |    7093 |   0.0 |       0 |      49 |   0.0 |  2493
          D:12 |       0 |   10370 |   0.0 |       0 |      41 |   0.0 |  1559
          D:13 |       0 |   22578 |   0.0 |       0 |      60 |   0.0 |  1220
          D:14 |       0 |   16529 |   0.0 |       0 |      46 |   0.0 |  2296
          D:15 |       0 |   21426 |   0.0 |       0 |      82 |   0.0 |  1903
        Lair:1 |       0 |    3772 |   0.0 |       0 |      19 |   0.0 |  1511
        Lair:2 |       0 |   13908 |   0.0 |       0 |      72 |   0.0 |  1984
        Lair:3 |       0 |    7500 |   0.0 |       0 |      22 |   0.0 |  1192
        Lair:4 |       0 |    8610 |   0.0 |       0 |      41 |   0.0 |  1625
        Lair:5 |       0 |    9423 |   0.0 |       0 |      53 |   0.0 |  1683
        Lair:6 |       0 |   17171 |   0.0 |       0 |      67 |   0.0 |  1794
      Shoals:1 |       0 |   18849 |   0.0 |       0 |      36 |   0.0 |   882
      Shoals:2 |       0 |   10414 |   0.0 |       0 |      15 |   0.0 |   357
      Shoals:3 |       0 |   18364 |   0.0 |       0 |      39 |   0.0 |   873
      Shoals:4 |       0 |   30031 |   0.0 |       0 |      54 |   0.0 |  1258
      Spider:1 |       0 |   15790 |   0.0 |       0 |      39 |   0.0 |  1257
      Spider:2 |       0 |    6538 |   0.0 |       0 |      17 |   0.0 |  1174
      Spider:3 |       0 |   15303 |   0.0 |       0 |      34 |   0.0 |  1687
      Spider:4 |       0 |   40028 |   0.0 |       0 |      86 |   0.0 |  1391
         Orc:1 |       0 |    5846 |   0.0 |       0 |      30 |   0.0 |  1135
         Orc:2 |       0 |   11795 |   0.0 |       0 |      60 |   0.0 |  1802
         Elf:1 |       0 |   34940 |   0.0 |       0 |      48 |   0.0 |  1094
         Elf:2 |       0 |   57357 |   0.0 |       0 |      82 |   0.0 |  1379
         Elf:3 |       0 |   69639 |   0.0 |       0 |      81 |   0.0 |  1954
      Vaults:1 |       0 |   35173 |   0.0 |       0 |      58 |   0.0 |  1358
      Vaults:2 |       0 |   24899 |   0.0 |       0 |      45 |   0.0 |  1327
      Vaults:3 |       0 |   63255 |   0.0 |       0 |     107 |   0.0 |  1890
      Vaults:4 |       0 |   55173 |   0.0 |       0 |      80 |   0.0 |  1344
      Vaults:5 |       0 |  158751 |   0.0 |       0 |     142 |   0.0 |  1721
      Depths:1 |       0 |   37846 |   0.0 |       0 |      44 |   0.0 |  1078
      Depths:2 |       0 |   35016 |   0.0 |       0 |      41 |   0.0 |  1219
      Depths:3 |       0 |   82232 |   0.0 |       0 |      61 |   0.0 |  1181
      Depths:4 |       0 |  115264 |   0.0 |       0 |     109 |   0.0 |  1490
      Depths:5 |       0 |   70454 |   0.0 |       0 |      53 |   0.0 |  1419
         Zot:1 |       0 |   30002 |   0.0 |       0 |      21 |   0.0 |   825
         Zot:2 |       0 |  102802 |   0.0 |       0 |      61 |   0.0 |  1684
         Zot:3 |       0 |   43665 |   0.0 |       0 |      25 |   0.0 |   880
         Zot:4 |       0 |   72197 |   0.0 |       0 |      39 |   0.0 |  1091
         Zot:5 |       0 |   44380 |   0.0 |       0 |      15 |   0.0 |   300
           Lab |       0 |    1169 |   0.0 |       0 |       3 |   0.0 |   223
         Sewer |       0 |     129 |   0.0 |       0 |      10 |   0.0 |   458
        WizLab |       0 |   32281 |   0.0 |       0 |      37 |   0.0 |   712
               +---------+---------+-------+---------+---------+-------+---------
